 Dungeon Crawl Stone Soup version 0.16.1-11-g651b585 (webtiles) character file.

86 PaulMcIcedTea the Charmwright (level 4, -5/29 HPs)
             Began as a High Elf Skald on Apr 1, 2015.
             Killed by nerve-wracking pain
             ... invoked by Grinder
              (11 damage)
             ... on level 3 of the Dungeon.
             The game lasted 00:19:49 (2437 turns).

PaulMcIcedTea the Charmwright (High Elf Skald)      Turns: 2437, Time: 00:19:50

Health: -5/29      AC:  6    Str: 12    XL:     4   Next: 26%
Magic:  4/12       EV:  9    Int: 15    God:
Gold:   37         SH:  0    Dex: 15    Spells: 2 memorised, 6 levels left

rFire  . . .     SeeInvis .     a - +0 falchion
rCold  . . .     Clarity  .     j - +0 scale mail
rNeg   . . .     SustAb   .     (no shield)
rPois  .         Gourm    .     (no helmet)
rElec  .         Spirit   .     (no cloak)
rCorr  .         Warding  .     (no gloves)
rMut   .         Stasis   .     (no boots)
MR     .....                    (no amulet)
Stlth  ..........               (no ring)
                                (no ring)

@: infused, singing (expiring), not resistant to hostile enchantments, extremely
unstealthy
A: no striking features
a: Stop Singing


You were on level 3 of the Dungeon.
You were not hungry.

You visited 1 branch of the dungeon, and saw 3 of its levels.

You collected 37 gold pieces.

Inventory:

Hand weapons
 a - a +0 falchion (weapon)
 p - a +0 club
 q - a +0 hunting sling
Missiles
 f - 10 stones
 h - 31 sling bullets (quivered)
Armour
 b - a +0 leather armour
 j - a +0 scale mail (worn)
 k - a +0 leather armour
 m - a +0 plate armour
 s - a +0 leather armour
 t - a +0 ring mail
Scrolls
 g - 4 scrolls of identify
 l - 2 scrolls of random uselessness
 o - a scroll of remove curse {unknown}
 u - a scroll of teleportation {unknown}
 v - a scroll of enchant armour {unknown}
Potions
 d - a potion of heal wounds {unknown}
 e - a potion of agility
 r - a potion of curing
Books
 c - a book of Battle

   Spells                             Type                      Level
   a - Infusion                       Charms                       1
   b - Shroud of Golubria             Charms/Translocation         2
   c - Song of Slaying                Charms                       2
   d - Spectral Weapon                Hexes/Charms                 3
   e - Regeneration                   Charms/Necromancy            3
Comestibles
 i - a fruit
 n - 2 chunks of flesh


   Skills:
 + Level 2.2 Fighting
 + Level 2.7 Long Blades
 + Level 1.3 Armour
 + Level 1.4 Dodging
 + Level 0.2 Stealth
 + Level 3.3 Spellcasting
 + Level 4.8 Charms


You had 6 spell levels left.
You knew the following spells:

 Your Spells              Type           Power        Failure   Level  Hunger
a - Infusion              Chrm           ###...       17%         1    None
b - Song of Slaying       Chrm           ###.....     24%         2    ##.....


Dungeon Overview and Level Annotations

Branches:
Dungeon (3/15)

Altars:
Ashenzari
Cheibriados
Makhleb
Nemelex Xobeh
Ru

Annotations:
D:3 Grinder


Message History

You barely miss Grinder.
Grinder is heavily wounded.
Grinder gestures at you. Pain shoots through your body!
* * * LOW HITPOINT WARNING * * *
You hit Grinder.
Grinder is heavily wounded.
Grinder hits you but does no damage.
You hit Grinder.
Grinder is severely wounded.
Grinder hits you.
* * * LOW HITPOINT WARNING * * *
You writhe in agony. x2
Your magical contamination has completely faded away.
Casting: Song of Slaying
Confirm with . or Enter, or press ? or * to list all spells.
You extend your infusion's duration.
Grinder gestures at you. Pain shoots through your body!
You die...

# #.#########
#.#.?......
...#....
#....# #.$..#
# #..%.#.#
##@.....###
#.5.......#
#[.###.###....
#.. .# .# ....
+# ####. #. #.
.


You could see Grinder.

Vanquished Creatures
  2 adders (D:2)
  2 giant mites
  A worm (D:2)
  2 giant geckos
  An ooze (D:2)
  A giant cockroach (D:1)
  8 goblins
  6 hobgoblins
  2 jackals (D:1)
  7 kobolds
  2 ball pythons
  2 bats (D:2)
  4 giant newts
  7 rats
47 creatures vanquished.

Notes
Turn   | Place    | Note
--------------------------------------------------------------
     0 | D:1      | PaulMcIcedTea, the High Elf Skald, began the quest for the Orb.
     0 | D:1      | Reached XP level 1. HP: 14/14 MP: 4/4
     6 | D:1      | Noticed a wyvern
     6 | D:1      | Noticed a redback
    12 | D:1      | Noticed a wolf
    12 | D:1      | Noticed a polar bear
   262 | D:1      | Reached skill level 4 in Charms
   283 | D:1      | Reached XP level 2. HP: 6/19 MP: 1/6
  1006 | D:1      | Reached skill level 1 in Armour
  1297 | D:1      | Reached XP level 3. HP: 24/24 MP: 2/8
  1473 | D:1      | Learned a level 2 spell: Song of Slaying
  1948 | D:2      | Reached XP level 4. HP: 29/29 MP: 4/12
  2060 | D:2      | Found a snail-covered altar of Cheibriados.
  2069 | D:2      | Found a shattered altar of Ashenzari.
  2177 | D:2      | Found a sacrificial altar of Ru.
  2213 | D:2      | Found a burning altar of Makhleb.
  2215 | D:2      | Found a sparkling altar of Nemelex Xobeh.
  2416 | D:3      | Noticed Grinder
  2437 | D:3      | Killed from afar by Grinder

Action                   |  1- 3 |  4- 6 || total
-------------------------+-------+-------++-------
Melee: Falchion          |    97 |    48 ||   145
Throw: Stone             |     2 |       ||     2
 Cast: Infusion          |    26 |     8 ||    34
       Song of Slaying   |     6 |     6 ||    12
  Use: Scroll            |     1 |     2 ||     3
       Potion            |     1 |     1 ||     2
  Eat: Fruit             |     2 |       ||     2
       Chunk             |     1 |       ||     1
       Bread ration      |     1 |       ||     1
